Map: Void Launch

Players

DisKoneho

  • Race: Terran Terran
  • Spawn Location: 6:00

Nervysplash

  • Race: Zerg Zerg
  • Spawn Location: 6:00

VOD

Have the link to the VOD?

Description

just to share a replay I'm too lazy to learn dropbox and drop.sc doesn't allow coop replays, big sadge

Time

  • Played on: Sept. 21, 2022, 7:53 a.m.
  • Length: 21:26
Show
View Real Time Build Order
Export as new Build Order

DisKoneho Terran 

Build Orders:  

Get SALT Encoding   

  12  0:18  Orbital Command  
  12  0:37  Starport  
  12  0:49  Refinery  
  12  0:55  SCV  
  13  1:12  SCV, Supply Depot  
  14  1:29  SCV  
  15  1:42  Viking  
  15  1:46  SCV  
  18  2:02  Supply Depot  
  18  2:03  SCV  
  19  2:18  Viking  
  19  2:23  SCV  
  22  2:37  Barracks  
  22  2:46  SCV  
  23  3:03  SCV  
  23  3:04  Viking  
  26  3:11  Barracks Tech Lab  
  26  3:21  Refinery, SCV  
  27  3:34  Medic  
  29  3:40  SCV  
  30  3:56  Stabilizer Medpacks  
  30  4:00  SCV  
  31  4:13  Supply Depot  
  31  4:17  SCV  
  32  4:34  Command Center  
  32  4:37  Medic  
  32  4:43  SCV  
  32  4:48  Starport Reactor  
  35  4:51  Starport Tech Lab  
  35  5:01  SCV  
  35  5:08  Supply Depot  
  36  5:22  Fusion Core  
  36  5:25  Viking  
  38  5:30  SCV  
  39  5:48  SCV  
  40  5:52  Starport  
  40  6:05  SCV  
  41  6:14  Orbital Command  
  41  6:21  Refinery  
  41  6:22  SCV  
  41  6:29  Weapon Refit  
  42  6:35  Armory  
  42  6:39  SCV  
  43  6:42  Starport Tech Lab  
  43  6:51  SCV  
  43  6:56  SCV  
  43  6:59  Viking  
  45  7:08  SCV  
  48  7:13  SCV  
  48  7:15  Viking  
  51  7:25  SCV  
  52  7:32  Phobos Weapons System  
  52  7:34  SCV  
  53  7:41  Viking  
  53  7:42  SCV  
  56  7:51  SCV  
  56  7:59  SCV  
  58  8:08  SCV  
  59  8:14  Command Center  
  59  8:16  SCV  
  60  8:25  SCV  
  61  8:32  Command Center  
  61  8:43  Supply Depot  
  61  8:51  Supply Depot  
  61  8:59  Battlecruiser  
  61  9:04  SCV  
  68  9:21  SCV  
  68  9:22  Refinery  
  68  9:26  Supply Depot  
  68  9:29  Advanced Optics, Supply Depot  
  69  9:53  Battlecruiser  
  69  9:59  Orbital Command  
  75  10:16  Battlecruiser  
  77  10:25  Orbital Command  
  77  10:29  SCV x2  
  79  10:41  SCV  
  79  10:46  SCV x2  
  82  10:57  Battlecruiser  
  88  11:17  Battlecruiser  
  78  11:29  Afterburners  
  80  11:31  Medic  
  80  11:38  SCV  
  80  11:39  SCV x2  
  85  11:41  Medic  
  85  11:49  Armory  
  87  11:56  Medic  
  87  11:57  Barracks  
  89  12:01  Battlecruiser  
  95  12:25  Command Center  
  95  12:30  Terran Vehicle and Ship Weapons Level 1  
  95  12:36  Barracks Tech Lab  
  95  12:39  Battlecruiser  
  101  12:53  Battlecruiser  
  107  13:08  Terran Vehicle And Ship Armor Level 1  
  107  13:14  Supply Depot  
  107  13:22  Medic x2  
  107  13:28  Command Center  
  111  13:36  Battlecruiser  
  117  13:51  Engineering Bay  
  117  14:10  Battlecruiser  
  123  14:24  Battlecruiser  
  129  15:05  Orbital Command  
  129  15:09  Orbital Command  
  129  15:11  Command Center  
  129  15:25  Terran Vehicle and Ship Weapons Level 2  
  129  15:56  Battlecruiser  
  135  16:15  Battlecruiser  
  141  16:41  Battlecruiser  
  143  17:03  Battlecruiser  
  149  17:18  Medic x2  
  149  17:46  Command Center  
  149  17:48  Terran Vehicle And Ship Armor Level 2  
  149  17:49  Medic x2  
  147  17:59  Medic  
  149  18:33  Battlecruiser  
  151  18:46  Orbital Command  
  151  18:57  Medic x2  
  151  19:07  Medic  
  157  19:20  Battlecruiser  
  161  19:39  Battlecruiser  
  153  19:48  SCV x4  
  158  19:52  Medic  
  160  20:19  SCV x2  
  162  20:20  SCV  
  163  20:34  Medic x2  
  165  20:44  Medic  
  165  20:57  Medic x2  
  169  21:24  Starport  
Show
View Real Time Build Order
Export as new Build Order

Nervysplash Zerg 

Build Orders:  

Get SALT Encoding   

  6  0:13  Drone x2  
  6  0:18  Drone x2  
  8  0:27  Drone x2  
  9  0:38  Drone x2  
  10  0:48  Drone x2  
  11  1:08  Spawning Pool  
  10  1:13  Extractor  
  10  1:14  Extractor  
  10  1:19  Drone x2  
  10  1:28  Drone x2  
  11  1:34  Overlord  
  11  1:53  Drone x2  
  11  1:57  Drone x2  
  13  2:02  Swarmling x4  
  13  2:03  Swarmling x8  
  19  2:18  Lair  
  19  2:34  Baneling Nest  
  19  2:36  Drone x2  
  20  2:42  Overlord  
  20  2:53  Drone x2  
  21  3:17  Hatchery  
  20  3:34  Scourge Nest  
  24  3:42  Drone x2  
  24  3:43  Drone x2  
  21  3:50  Extractor  
  20  4:04  Drone x4  
  20  4:05  Drone x4  
  28  4:17  Evolution Chamber  
  28  4:19  Evolution Chamber  
  27  4:27  Overlord  
  31  4:46  Virulent Spores  
  33  4:52  Scourge x2  
  33  4:53  Scourge x2  
  33  4:55  Drone x6  
  33  4:57  Unknown  
  36  5:00  Extractor  
  36  5:02  Drone x2  
  42  5:17  Queen  
  43  5:20  Overlord  
  43  5:22  Scourge  
  43  5:23  Scourge x2  
  43  5:24  Centrifugal Hooks  
  43  5:33  Scourge  
  44  5:46  Zerg Flyer Weapons Level 1  
  48  5:52  Scourge  
  48  5:59  Drone x6  
  51  6:08  Zerg Ground Armor Level 1  
  52  6:12  Metabolic Boost  
  52  6:26  Overlord x2  
  52  6:31  Scourge  
  52  6:39  Scourge x3  
  52  6:43  Hatchery  
  52  6:52  Drone x2  
  52  6:53  Drone x4  
  60  7:01  Scourge x4  
  60  7:04  Hive  
  60  7:12  Hardened Carapace  
  60  7:14  Corrosive Acid  
  66  7:31  Scourge x4  
  66  7:46  Spore Crawler  
  68  7:50  Spore Crawler  
  67  8:01  Scourge x4  
  51  8:20  Shredding Claws  
  56  8:26  Simplified Genome  
  56  8:29  Swarmling x4  
  59  8:30  Swarmling x32  
  73  8:43  Scourge  
  73  8:44  Scourge, Rupture  
  73  8:45  Scourge x2  
  73  8:46  Unknown  
  70  9:13  Scourge x4  
  69  9:24  Overlord x2  
  69  9:25  Scourge x3, Overlord  
  69  9:26  Scourge x3, Unknown  
  74  9:43  Scourge x4  
  74  9:45  Hatchery  
  74  9:48  Hatchery  
  79  10:02  Zerg Flyer Weapons Level 2  
  79  10:13  Scourge x4  
  66  10:25  Scourge x3  
  66  10:26  Scourge x18  
  66  10:27  Overlord x5  
  70  10:43  Scourge x4  
  74  10:55  Scourge x3  
  74  10:56  Swarmling x16  
  74  10:57  Scourge x18, Swarmling x4  
  96  11:07  Adrenal Overload  
  96  11:10  Drone x4  
  96  11:13  Scourge x4  
  99  11:34  Spore Crawler  
  99  11:37  Spore Crawler x2  
  99  11:38  Spore Crawler  
  99  11:39  Spore Crawler x2  
  95  11:43  Scourge x4  
  95  11:46  Overseer x2  
  72  11:50  Overlord x2  
  99  11:51  Scourge x15  
  99  11:52  Swarmling x8  
  99  11:53  Swarmling x16  
  120  12:13  Scourge x4  
  120  12:15  Drone x12  
  120  12:16  Drone x4  
  134  12:39  Spore Crawler x2  
  133  12:40  Spore Crawler  
  133  12:41  Spore Crawler  
  133  12:42  Spore Crawler  
  133  12:43  Scourge x4, Unknown  
  133  12:44  Spore Crawler  
  133  12:45  Spore Crawler  
  133  12:47  Spore Crawler  
  133  12:48  Spore Crawler x2  
  122  13:13  Scourge x4  
  128  13:33  Drone x10  
  128  13:34  Drone x2  
  134  13:43  Scourge x4  
  125  14:00  Spore Crawler  
  125  14:02  Spore Crawler  
  125  14:03  Spore Crawler x2  
  125  14:06  Spore Crawler  
  102  14:13  Scourge x4  
  83  14:30  Swarmling x4  
  83  14:31  Swarmling x44  
  83  14:32  Swarmling x68  
  135  14:40  Scourge x3  
  135  14:43  Scourge x4  
  132  14:57  Spore Crawler  
  128  15:00  Spore Crawler  
  128  15:01  Spore Crawler  
  125  15:13  Scourge x4  
  128  15:39  Scourge x3  
  126  15:40  Scourge x45  
  126  15:41  Scourge x6  
  150  15:53  Scourge  
  150  16:05  Hatchery  
  150  16:26  Scourge x4  
  149  16:56  Scourge x4, Drone x4  
  116  17:17  Swarmling x64  
  116  17:18  Swarmling x24  
  148  17:26  Scourge x4  
  148  17:30  Spore Crawler  
  148  17:31  Spore Crawler x2  
  148  17:33  Spore Crawler  
  149  18:21  Scourge x2  
  149  18:22  Scourge x2  
  140  18:51  Scourge x2, Drone x4  
  140  18:52  Scourge x2, Drone x8  
  140  18:54  Spore Crawler  
  140  18:55  Queen  
  140  18:58  Spore Crawler  
  138  19:14  Scourge x18  
  138  19:15  Scourge x6  
  150  19:21  Scourge x2  
  150  19:22  Scourge x2  
  150  19:24  Spore Crawler  
  150  19:26  Spore Crawler  
  150  19:27  Spore Crawler  
  150  19:28  Spore Crawler x2  
  150  19:29  Spore Crawler  
  117  19:30  Spore Crawler  
  117  19:36  Spore Crawler x3  
  117  19:39  Spore Crawler  
  115  19:44  Spore Crawler  
  100  19:51  Scourge x2  
  100  19:52  Scourge x2  
  96  20:18  Drone x8  
  99  20:21  Swarmling x4  
  99  20:22  Swarmling x44  
  99  20:23  Scourge x18, Swarmling x20  
  99  20:24  Scourge x15  
  150  20:42  Scourge x2  
  150  20:44  Scourge  
  150  20:46  Scourge  
  150  20:53  Spine Crawler  
  150  20:54  Spine Crawler  
  150  20:56  Spine Crawler  
  150  20:58  Spine Crawler  
  150  21:02  Bile Launcher x2  
  150  21:03  Bile Launcher  
  150  21:05  Spore Crawler  
Tags
 
Commander
RaynorZagara
Matchup
Co-op
Add a new tag
Caveats
  • Supply blocks, unpowered buildings, or Contaminate may cause inaccurate times.
  • Supply counts are checked every 10 seconds.